 Dungeon Crawl Stone Soup version 0.29.1-2-gbd0b4ee654 (webtiles) character file.

Game seed: 8957209894891770461

373 unlimited1921 the Magician (level 7, -12/45 HPs)
             Began as a Djinni Fire Elementalist on Nov 14, 2022.
             Killed by an exploding jackal (36 damage)
             ... ignited by their inner flame
             ... on level 3 of the Dungeon.
             The game lasted 00:11:18 (5984 turns).

unlimited1921 the Magician (DjFE)                   Turns: 5984, Time: 00:11:19

Health: -12/45     AC:  2    Str:  7    XL:     7   Next: 3%
Gold:   50         EV: 20    Int: 19    God:
                   SH:  0    Dex: 18

rFire   . . .      SeeInvis .   (weapon currently unavailable)
rCold   . . .      Faith    +   (shield currently unavailable)
rNeg    . . .      Spirit   .   (body armour currently unavailable)
rPois   ∞          Reflect  .   (helmet currently unavailable)
rElec   .          Harm     .   (cloak currently unavailable)
rCorr   .          Rampage  .   (gloves currently unavailable)
Will    .....                   (boots unavailable)
Stlth   ++........              c - amulet of faith
HPRegen 0.15/turn               (no ring)
MPRegen 0.00/turn               (no ring)

@: spider-form (expiring), flying, very slightly contaminated
A: venomous fangs, flying, sickness immunity, tiny, (fire resistance 2), (cold
vulnerability 1), float, innate caster, HP casting, extra vitality 1
a: End Transformation


You were on level 3 of the Dungeon.
You were a venomous arachnid creature.
You visited 1 branch of the dungeon, and saw 3 of its levels.

You collected 76 gold pieces.
You spent 26 gold pieces at shops.

Inventory:

Hand Weapons
 l - a +0 scimitar (melded)
Missiles
 g - 10 boomerangs
Armour
 a - a +0 robe
 d - a +0 ring mail
 q - a +0 leather armour (melded)
 s - a +0 pair of gloves (melded)
Magical Staves
 b - a staff of air
Jewellery
 c - an amulet of faith (around neck)
Scrolls
 f - 3 scrolls of enchant armour
 h - a scroll of teleportation {unknown}
 i - a scroll of fear {unknown}
 m - a scroll of immolation {unknown}
 o - a scroll of blinking {unknown}
Potions
 e - a potion of mutation
 j - 4 potions of lignification {unknown}
 k - a potion of haste {unknown}
 n - a potion of cancellation {unknown}
 p - a potion of resistance {unknown}
 r - a potion of brilliance {unknown}


   Skills:
 + Level 2.4 Dodging
 + Level 2.7 Stealth
 + Level 5.2 Spellcasting


You couldn't memorise any spells.
You knew the following spells:

 Your Spells              Type           Power      Damage    Failure   Level
a - Foxfire               Conj/Fire      100%       2x1d9     6%          1
b - Scorch                Fire           50%        2d8       8%          2
c - Conjure Flame         Conj/Fire      25%        6-21      13%         3
d - Inner Flame           Hex/Fire       25%        N/A       13%         3
e - Flame Wave            Conj/Fire      25%        2d8       32%         4
f - Freeze                Ice            100%       1d11      6%          1
g - Ensorcelled Hibernat  Hex/Ice        50%        N/A       8%          2
h - Spider Form           Tmut/Pois      25%        N/A       13%         3
Your spell library was empty.

Dungeon Overview and Level Annotations

Branches:
Dungeon (3/15)

Altars:

Shops:
D:1 ?


Innate Abilities, Weirdness & Mutations

You are a venomous arachnid creature.
You have poisonous fangs.
You are tiny and dextrous.
You are flying.
Your spellcasting is less reliable in this form.
Your armour is entirely melded.
You are incapable of wielding weapons or throwing items.
You are immune to sickness and miasma.
You are immune to poison.
((Your flesh is very heat resistant. (rF++)))
((You are vulnerable to cold. (rC-)))
You float through the air rather than walking.
You learn spells naturally, not from books.
Your magical power is your life essence.
You have superior vitality. (+4 MHP)


Message History

You are very lightly contaminated with residual magic.
Nothing appears to happen.
Your transformation is almost over.
The bat completely misses you.
Casting: Inner Flame (dangerous; 13% risk of failure)
Confirm with . or Enter, or press ? or * to list all spells.
Aiming: Inner Flame (dangerous; 13% risk of failure)
Press: ? - help, Dir - move target, f - jackal, p - jackal
Aim: a jackal (chance to affect: 91%)
The jackal is filled with an inner flame.
The jackal completely misses you.
Casting: Inner Flame (dangerous; 13% risk of failure)
Confirm with . or Enter, or press ? or * to list all spells.
Aiming: Inner Flame (dangerous; 13% risk of failure)
Press: ? - help, Dir - move target, f - goblin, p - jackal
Aim: a goblin, wielding a +0 club (chance to affect: 91%)
The goblin is filled with an inner flame.
The jackal bites you.
Casting: Inner Flame (dangerous; 13% risk of failure)
Confirm with . or Enter, or press ? or * to list all spells.
Aiming: Inner Flame (dangerous; 13% risk of failure)
Press: ? - help, Dir - move target, f - jackal, p - goblin
Aim: a jackal (chance to affect: 91%)
The jackal barely resists.
The jackal closely misses you.
Casting: Inner Flame (dangerous; 13% risk of failure)
Confirm with . or Enter, or press ? or * to list all spells.
Aiming: Inner Flame (dangerous; 13% risk of failure)
Press: ? - help, Dir - move target, f/p - jackal
Aim: a jackal (chance to affect: 91%)
The jackal is filled with an inner flame.
The jackal barely misses you. The jackal misses you.
Casting: Inner Flame (dangerous; 13% risk of failure)
Confirm with . or Enter, or press ? or * to list all spells.
Flames lash the jackal.
The jackal explodes!
The fiery explosion engulfs the goblin!!
The fiery explosion engulfs the jackal!!
The fiery explosion engulfs you!!!
Ouch! That really hurt!
You die...

.... #.#........##.#....#
....########.#........##.##...#
..g........#.......#..##.##...#
...........(.......#..#...†...##
....†.........g....#...........#
..........gg†.ggg..##......#...#
..........ggg..§§b.......#.#)..#
.........g.#####§#.#####.#.#...#
...........# #s#.....#.#.#...#
#....$.....# #.#.......#.#...#
#..........# #.#.###.###.#...#
#..........# #.#.......#.#...#
############ #.#.#.###.#.#...#
#.#.#...#.#.#.#.#
#.#.#.#.#.#)#...#
#.#.#.#...<...###
#.#.#.#.#.#.###


You could see a hobgoblin, 3 goblins and a bat.

Vanquished Creatures
  Sigmund (D:2)
  A scorpion (D:3)
  A hound (D:3)
  5 adders
  2 dart slugs (D:1)
  An orc (D:3)
  7 endoplasms
  5 giant cockroaches
  13 goblins
  6 hobgoblins
  5 jackals
  6 kobolds
  6 quokkas
  4 ball pythons (D:2)
  4 bats
  3 frilled lizards (D:1)
  3 rats
73 creatures vanquished.

Vanquished Creatures (others)
  191 foxfires
191 creatures vanquished.

Grand Total: 264 creatures vanquished

Notes
Turn   | Place    | Note
-------+----------+-------------------------------------------
     0 | D:1      | unlimited1921 the Djinni Fire Elementalist began the quest
                  | for the Orb.
     0 | D:1      | unlimited1921 set off with the following spells memorised:
                  | Foxfire, Scorch, Conjure Flame, Inner Flame, Flame Wave.
     0 | D:1      | Reached XP level 1. HP: 15/15 MP: 0/0
   836 | D:1      | Reached XP level 2. HP: 12/21 MP: 0/0
  1513 | D:1      | Found Fol Gasu's Magic Scroll Shoppe.
  1536 | D:1      | Bought a scroll of identify for 26 gold pieces
  1704 | D:1      | Reached skill level 3 in Spellcasting
  1926 | D:1      | Reached XP level 3. HP: 20/25 MP: 0/0
  1926 | D:1      | Learned a level 1 spell: Freeze
  2597 | D:2      | Reached XP level 4. HP: 25/31 MP: 0/0
  3896 | D:2      | Noticed Sigmund
  3902 | D:2      | Killed Sigmund
  3903 | D:2      | Reached skill level 4 in Spellcasting
  3903 | D:2      | Reached XP level 5. HP: 17/35 MP: 0/0
  3903 | D:2      | Learned a level 2 spell: Ensorcelled Hibernation
  3903 | D:2      | Reached XP level 6. HP: 19/40 MP: 0/0
  4888 | D:3      | Reached skill level 5 in Spellcasting
  5939 | D:3      | Reached XP level 7. HP: 42/45 MP: 0/0
  5939 | D:3      | Learned a level 3 spell: Spider Form
  5984 | D:3      | Killed by an exploding jackal... ignited by their inner
                  | flame

Illustrated notes

Levels and vault maps discovered:
D:1:      eino_arrival_water_star, layout_basic, serial_shops, shop_scrolls
D:2:      layout_basic, st_stairs_11, uniq_sigmund
D:3:      kennysheep_the_goblin_king, layout_basic, uniq_robin

Skill      XL: |  1  2  3  4  5  6 |
---------------+-------------------+-----
Spellcasting   | 3 4 5 |  5.2
Stealth        | 2 |  2.7
Dodging        | |  2.4

Action                   |  1- 3 |  4- 6 |  7- 9 || total
-------------------------+-------+-------+-------++-------
 Cast: Foxfire           |    48 |    69 |     2 ||   119
       Scorch            |    13 |    11 |     1 ||    25
       Inner Flame       |       |     4 |     4 ||     8
       Spider Form       |       |       |     1 ||     1
  Use: Scroll            |     2 |       |       ||     2
Armor: Robe              |     1 |     1 |       ||     2
Dodge: Dodged            |     4 |     2 |    21 ||    27
